 Dungeon Crawl Stone Soup version 0.26-a0-710-g95a0c6c400 (webtiles) character file.

Game seed: 12497190631807044291

6204 KennyOmg the Severer (level 10, -1/83 HPs)
             Began as a Minotaur Berserker on Oct 30, 2020.
             Was a High Priest of Trog.
             Slain by a seven-headed hydra (13 damage)
             ... on level 9 of the Dungeon.
             The game lasted 00:12:54 (9498 turns).

KennyOmg the Severer (Minotaur Berserker)           Turns: 9498, Time: 00:12:55

Health: -1/83      AC: 14    Str: 22    XL:     10   Next: 61%
Magic:  9/9        EV: 10    Int:  7    God:    Trog [*****.]
Gold:   664        SH:  5    Dex: 10    Spells: 9/9 levels left

rFire    . . .     SeeInvis .   I - +2 executioner's axe (vorpal)
rCold    . . .     Faith    .   (shield currently unavailable)
rNeg     . . .     Spirit   .   C - +2 scale mail {MR+}
rPois    .         Reflect  +   (helmet restricted)
rElec    .         Harm     .   (no cloak)
rCorr    +         Rampage  .   (no gloves)
MR       +....                  j - +0 pair of boots
Stlth    ..........             r - amulet of reflection
HPRegen  0.23/turn              d - +4 ring of protection
MPRegen  0.11/turn              q - ring of resist corrosion

@: invisible
A: retaliatory headbutt, horns 2
a: Berserk, Trog's Hand, Brothers in Arms, Renounce Religion


You were on level 9 of the Dungeon.
You worshipped Trog.
Trog was extremely pleased with you.
You visited 1 branch of the dungeon, and saw 10 of its levels.
You also visited: Sewer.

You collected 664 gold pieces.

Inventory:

Hand Weapons
 a - a +2 war axe of freezing
   (You took it off an orc on level 5 of the Dungeon)
 I - a +2 vorpal executioner's axe (weapon)
   (Trog gifted it to you on level 9 of the Dungeon)
Armour
 b - a +0 plate armour
   (You found it on level 1 of the Dungeon)
 j - a +0 pair of boots (worn)
   (You found it on level 2 of the Dungeon)
 A - a +0 buckler
   (You took it off a gnoll sergeant on level 5 of the Dungeon)
 C - a +2 scale mail of magic resistance (worn)
   (You took it off an orc on level 6 of the Dungeon)
Jewellery
 d - a +4 ring of protection (left hand)
   (You found it on level 1 of the Dungeon)
 q - a ring of resist corrosion (right hand)
   (You found it on level 3 of the Dungeon)
 r - an amulet of reflection (around neck)
   (You found it on level 3 of the Dungeon)
 y - an uncursed ring of ice
   (You found it on level 5 of the Dungeon)
Wands
 t - a wand of flame (11)
   (You found it on level 9 of the Dungeon)
 x - a wand of acid (8)
   (You found it on level 9 of the Dungeon)
 H - a wand of polymorph (6)
   (You found it on level 8 of the Dungeon)
Scrolls
 c - 4 scrolls of enchant armour {unknown}
 e - 8 scrolls of remove curse {@r2}
 l - 5 scrolls of teleportation {unknown}
 n - 4 scrolls of amnesia {unknown}
 u - a scroll of enchant weapon {unknown}
 v - 2 scrolls of fear {unknown}
 D - 3 scrolls of identify {@r1}
 E - a scroll of fog {unknown}
 F - a scroll of random uselessness {unknown}
Potions
 f - 2 potions of cancellation {unknown}
 g - 3 potions of heal wounds {@q2}
 h - a potion of invisibility
 i - 4 potions of flight
 k - 5 potions of lignification {unknown}
 m - 5 potions of mutation {!q}
 o - a potion of might {unknown}
 p - 3 potions of resistance
 s - 2 potions of magic {unknown}
 w - 4 potions of curing {@q1}
 B - 3 potions of stabbing
 G - 2 potions of berserk rage {unknown}
Miscellaneous
 z - a phantom mirror
   (You found it on level 5 of the Dungeon)


   Skills:
 - Level 6.1 Fighting
 * Level 16.6 Axes
 - Level 5.1 Armour
 - Level 2.1 Dodging
 - Level 4.0 Shields


You had 9 spell levels left.
You didn't know any spells.
Your spell library was empty.

Dungeon Overview and Level Annotations

Branches:
Dungeon (10/15)            Temple (0/1) D:4           Sewer (visited)
   Lair: D:8-11         Orc: D:9-12

Altars:
Ashenzari
Dithmenos
Fedhas
Hepliaklqana
Nemelex Xobeh
Sif Muna
Wu Jian

Shops:
D:4 :   D:8 *


Innate Abilities, Weirdness & Mutations

You reflexively headbutt those who attack you in melee.
You have a pair of horns on your head.


Message History

The seven-headed hydra misses you.
The seven-headed hydra completely misses you.
The seven-headed hydra bites you!
* * * LOW HITPOINT WARNING * * *
The seven-headed hydra bites you.
* * * LOW HITPOINT WARNING * * *
The seven-headed hydra bites you but does no damage.
The quasit bites you but does no damage.
The quasit claws you but does no damage.
The quasit closely misses you.
There is a stone staircase leading up here.
The quasit misses you. You furiously retaliate!
You headbutt the quasit. The quasit misses you.
The quasit claws you but does no damage.
The seven-headed hydra bites you but does no damage.
The seven-headed hydra closely misses you.
The seven-headed hydra bites you!
* * * LOW HITPOINT WARNING * * *
The seven-headed hydra bites you but does no damage.
You block the seven-headed hydra's attack.
The seven-headed hydra closely misses you.
The seven-headed hydra bites you but does no damage.
You climb upwards.
There is a stone staircase leading down here.
Okay, then.
You feel much better.
The quasit bites you but does no damage.
The quasit claws you but does no damage.
The quasit closely misses you.
The seven-headed hydra bites you but does no damage.
You block the seven-headed hydra's attack.
The seven-headed hydra closely misses you.
The seven-headed hydra completely misses you.
The seven-headed hydra bites you.
* * * LOW HITPOINT WARNING * * *
The seven-headed hydra bites you.
* * * LOW HITPOINT WARNING * * *
The seven-headed hydra barely misses you.
Unknown command.
You fade into invisibility!
The quasit bites you but does no damage.
The quasit claws you but does no damage.
The quasit closely misses you.
The quasit bites you but does no damage.
The quasit barely misses you. x2
You block the seven-headed hydra's attack.
The seven-headed hydra closely misses you.
You block the seven-headed hydra's attack.
The seven-headed hydra bites you!
You die...

..# #.###.# ..##
#.# #.# ...#
#.###.###### #..#
#.........[# #..#
#####.####.# #..#
#.# #.# #..# #.#
#.# ...########.#
#5# #...<.......#
#@# #############
#D# ############
#.# ...........#
#.#
##########.#####.#
#.......#
#########


You could see a seven-headed hydra and a quasit.

Vanquished Creatures
  The ghost of Shaidar the Blocker, a novice GnFi of Okawaru (D:8)
  Psyche (D:9)
  Maggie (D:9)
  A troll (D:5)
  6 yaks (D:9)
  Menkaure (D:7)
  5 orc warriors
  2 sky beasts
  3 black bears
  An ogre (D:7)
  2 phantoms (D:6)
  4 centaurs
  3 big kobolds
  2 bullfrogs
  A gnoll sergeant (D:5)
  A scorpion (D:8)
  3 killer bees (D:6)
  A centaur zombie (D:9)
  A quasit (D:8)
  A bullfrog zombie (D:6)
  4 orc priests
  8 hounds
  A jelly (D:5)
  7 iguanas
  A centaur skeleton (D:2)
  15 orc wizards
  6 worker ants
  A hound skeleton (D:7)
  A howler monkey zombie (D:5)
  Robin (D:4)
  A howler monkey skeleton (D:6)
  12 gnolls
  7 adders
  A river rat (D:6)
  4 shadow imps
  2 white imps
  3 ufetubi
  An ooze (D:1)
  3 adder skeletons
  An adder zombie (D:6)
  5 worms
  2 dart slugs (D:2)
  2 leopard geckos
  53 orcs
  2 ball pythons
  8 giant cockroaches
  12 goblins
  11 hobgoblins
  18 jackals
  4 quokkas
  5 bats
  5 frilled lizards
  A jackal skeleton (D:5)
  14 kobolds
  A quokka skeleton (D:4)
  15 rats
  A toadstool (D:3)
280 creatures vanquished.

Vanquished Creatures (others)
  A kobold (D:8)
  13 fungi
  3 plants (D:6)
  3 toadstools (D:3)
20 creatures vanquished.

Grand Total: 300 creatures vanquished

Notes
Turn   | Place    | Note
-------+----------+-------------------------------------------
     0 | D:1      | KennyOmg the Minotaur Berserker began the quest for the
                  | Orb.
     0 | D:1      | Reached XP level 1. HP: 19/19 MP: 0/0
   192 | D:1      | Reached skill level 4 in Axes
   195 | D:1      | Reached XP level 2. HP: 17/27 MP: 1/1
   761 | D:1      | Reached XP level 3. HP: 28/33 MP: 2/2
  1068 | D:2      | Reached skill level 5 in Axes
  1070 | D:2      | Reached ** piety under Trog
  1361 | D:2      | Found a faded altar of an unknown god.
  1441 | D:2      | Reached XP level 4. HP: 18/40 MP: 3/3
  1694 | D:2      | Reached skill level 6 in Axes
  2007 | D:3      | Found a shimmering blue altar of Sif Muna.
  2343 | D:3      | Reached XP level 5. HP: 39/46 MP: 4/4
  2454 | D:3      | Reached skill level 7 in Axes
  2961 | D:4      | Reached *** piety under Trog
  2983 | D:4      | Identified the +0 helmet "Cehepn" {Int+2}
  2983 | D:4      | Noticed Robin
  3001 | D:4      | Killed Robin
  3169 | D:4      | Reached skill level 8 in Axes
  3169 | D:4      | Reached XP level 6. HP: 52/52 MP: 5/5
  3224 | D:4      | Found a staircase to the Ecumenical Temple.
  3398 | D:4      | Found a shadowy altar of Dithmenos.
  3504 | D:4      | Found a hazy altar of Hepliaklqana.
  3548 | D:4      | Found Uggeur's Book Shoppe.
  3650 | D:5      | Entered Level 5 of the Dungeon
  3689 | D:5      | Reached skill level 9 in Axes
  3694 | D:5      | Reached **** piety under Trog
  3820 | D:5      | Found a broken altar of Ashenzari.
  4078 | D:5      | Reached XP level 7. HP: 43/59 MP: 6/6
  4111 | D:5      | Reached skill level 10 in Axes
  4329 | D:5      | Noticed a troll
  4338 | D:5      | Killed a troll
  4338 | D:5      | Reached skill level 11 in Axes
  4541 | D:5      | Reached ***** piety under Trog
  4546 | D:5      | Reached XP level 8. HP: 66/66 MP: 7/7
  4649 | D:5      | Reached skill level 1 in Shields
  4932 | D:6      | Found a glowing drain.
  4971 | Sewer    | Entered a sewer
  5081 | Sewer    | Found a glowing silver altar of Zin.
  5187 | D:6      | Found a blossoming altar of Fedhas.
  5204 | D:6      | Reached skill level 12 in Axes
  5477 | D:6      | Found an ornate altar of the Wu Jian Council.
  5552 | D:6      | Reached skill level 13 in Axes
  5581 | D:6      | Reached XP level 9. HP: 25/71 MP: 8/8
  6063 | D:6      | Got a smoking rapier
  6067 | D:6      | Identified the cursed +0 rapier "Ruceb" {vamp, rElec rN+
                  | Str+3} (You found it on level 6 of the Dungeon)
  6261 | D:6      | Found a sparkling altar of Nemelex Xobeh.
  6334 | D:6      | You fall into a shaft and drop 3 floors!
  6467 | D:8      | Reached skill level 14 in Axes
  6496 | D:8      | Received a gift from Trog
  6520 | D:7      | Noticed Menkaure
  6524 | D:7      | Killed Menkaure
  7483 | D:7      | Reached skill level 15 in Axes
  8064 | D:8      | Found Rodghizil's Assorted Antiques.
  8306 | D:8      | Found a runed translucent door.
  8306 | D:8      | Noticed Shaidar's ghost (novice GnFi)
  8327 | D:8      | Killed Shaidar's ghost
  8327 | D:8      | Reached skill level 16 in Axes
  8327 | D:8      | Reached XP level 10. HP: 78/78 MP: 9/9
  8648 | D:9      | Reached skill level 5 in Fighting
  8675 | D:9      | Reached skill level 5 in Armour
  8802 | D:9      | Received a gift from Trog
  8890 | D:9      | Noticed Psyche
  8894 | D:9      | Killed Psyche
  8939 | D:9      | Noticed Maggie
  8948 | D:9      | Killed Maggie
  9302 | D:9      | Found a shimmering blue altar of Sif Muna.
  9485 | D:10     | Entered Level 10 of the Dungeon
  9486 | D:10     | Noticed a six-headed hydra
  9495 | D:10     | HP: 2/83 [seven-headed hydra (7)]
  9498 | D:9      | Slain by a seven-headed hydra

Illustrated notes

Levels and vault maps discovered:
D:1:      dpeg_arrival_arbitrary_a, layout_basic, minmay_octomino_e4
D:2:      layout_rooms, chequers_ecumenical_altar_grove
D:3:      layout_loops_ring, old_standard_altar, minmay_gold_behind_fungi
D:4:      layout_rooms, lemuel_doored_altar, minmay_temple_entry_poolview,
          serial_shops, nicolae_shop_crystal, st_stairs_13,
          hangedman_decor_peaks_small, nicolae_dithmenos_shadow_blocks,
          uniq_robin
D:5:      kennysheep_windowed_halls, layout_basic, cheibrodos_ashenzari_chains
D:6:      layout_gridville, overflow_temple_1_default, fedhas_altar_3,
          portal_sewer_entry_c, nemelex_diamond_rough_becter
D:7:      layout_loops_corners, kennysheep_potato, uniq_menkaure
D:8:      layout_basic, serial_shops, kennysheep_little_box,
          gammafunk_ghost_grave
D:9:      kennysheep_orc_sif_temple, layout_loops_ring, uniq_maggie, uniq_psyche
D:10:     layout_cave_pools, lair_entry_dummy, serial_shops, nicolae_shop_trees,
          kennysheep_generic_room_10

Skill      XL: |  1  2  3  4  5  6  7  8  9 10 |
---------------+-------------------------------+-----
Axes           | 4 5 6 8 9 11 13 16 | 16.6
Fighting       | 4 6 |  6.1
Shields        | 4 |  4.0
Armour         | 5 |  5.1
Dodging        | |  2.1

Action                   |  1- 3 |  4- 6 |  7- 9 | 10-12 || total
-------------------------+-------+-------+-------+-------++-------
Melee: Hand axe          |    81 |   146 |       |       ||   227
       Headbutt          |    13 |    52 |    35 |    22 ||   122
       War axe           |       |    71 |   290 |    58 ||   419
       Executioner's axe |       |       |       |    37 ||    37
Invok: Berserk           |       |     1 |     3 |       ||     4
  Use: Scroll            |       |       |     9 |       ||     9
       Potion            |       |       |       |     2 ||     2
Armor: Animal skin       |     5 |       |       |       ||     5
       Scale mail        |     7 |       |    32 |    61 ||   100
       Plate armour      |    30 |   126 |   104 |       ||   260
Dodge: Dodged            |    35 |    61 |    82 |    53 ||   231
Block: Other             |       |    24 |    14 |    14 ||    52
       Buckler           |       |       |    90 |    15 ||   105
       Reflection        |       |       |    11 |       ||    11

Table legend: (Time is in decaauts)
 A = Elapsed time spent in this place.
 B = Non-inter-level travel time spent in this place.
 C = Inter-level travel time spent in this place.
 D = Time resting spent in this place.
 E = Time spent auto-exploring this place.
 F = Levels seen in this place.
 G = Mean time per level.
                   A        B        C        D        E       F      G
               +--------+--------+--------+--------+--------+-----+--------+
         Total |   9521 |   9265 |    256 |   1090 |   6444 |  11 |  865.5 |
       Dungeon |   9343 |   9087 |    256 |   1090 |   6302 |  10 |  934.3 |
         Sewer |    178 |    178 |      0 |      0 |    142 |   1 |  178.0 |
               +--------+--------+--------+--------+--------+-----+--------+

Top non-repeatable levels by time:
     D:6: 1496 daAuts
     D:5: 1280 daAuts
     D:3: 1177 daAuts
     D:7: 1079 daAuts
     D:1: 1067 daAuts
     D:9: 1036 daAuts
     D:8: 777 daAuts
     D:2: 711 daAuts
     D:4: 704 daAuts
   Sewer: 178 daAuts
    D:10: 11 daAuts
